 Dungeon Crawl Stone Soup version 0.18.1-47-g9310371 (webtiles) character file.

121 juanjsm the Sneak (level 4, -2/21 HPs)
             Began as a Spriggan Enchanter on June 21, 2016.
             Was an Initiate of Okawaru.
             Slain by Grinder (6 damage)
             ... while paralysed by Grinder
             ... on level 3 of the Dungeon.
             The game lasted 00:06:15 (1790 turns).

juanjsm the Sneak (Spriggan Enchanter)              Turns: 1790, Time: 00:06:15

Health: -2/21      AC:  3    Str:  4    XL:     4   Next: 76%
Magic:  9/10       EV:  4    Int: 16    God:    Okawaru [......]
Gold:   119        SH:  0    Dex: 17    Spells: 4 memorised, 1 level left

rFire  . . .     SeeInvis +     a - +1 dagger
rCold  . . .     Gourm    .     b - +1 robe
rNeg   . . .     Faith    .     (shield restricted)
rPois  .         Spirit   .     (helmet restricted)
rElec  .         Dismiss  .     (no cloak)
rCorr  .         Reflect  .     (gloves unavailable)
SustAt .         Harm     .     (boots unavailable)
MR     .....                    g - amulet of magic regeneration
Stlth  ++++......               (no ring)
                                (no ring)

@: paralysed, very quick, not resistant to hostile enchantments, stealthy
A: unfitting armour, see invisible, herbivore 3, speed 3, slow metabolism 2
a: Renounce Religion


You were on level 3 of the Dungeon.
You worshipped Okawaru.
Okawaru was noncommittal.
You were not hungry.

You visited 1 branch of the dungeon, and saw 3 of its levels.

You collected 119 gold pieces.

Inventory:

Hand Weapons
 a - a +1 dagger (weapon)
 p - a +0 whip
Missiles
 o - a throwing net (quivered)
Armour
 b - a +1 robe (worn)
Jewellery
 g - an amulet of magic regeneration (around neck)
Scrolls
 e - 5 scrolls of identify
 f - a scroll of enchant weapon {unknown}
 j - a scroll of noise {unknown}
 k - 2 scrolls of teleportation {unknown}
 l - 2 scrolls of magic mapping {unknown}
 n - a scroll of enchant armour {unknown}
 q - a scroll of random uselessness {unknown}
Potions
 i - a potion of lignification
 m - a potion of invisibility
Books
 c - a book of Maledictions

   Spells                             Type                      Level
   a - Corona                         Hexes                        1
   b - Ensorcelled Hibernation        Hexes/Ice                    2
   c - Confuse                        Hexes                        3
   d - Tukima's Dance                 Hexes                        3
   e - Dazzling Spray                 Conjuration/Hexes            3
Comestibles
 d - 3 bread rations
 h - a slice of pizza


   Skills:
 * Level 2.1 Short Blades
 * Level 3.9 Dodging
 + Level 6.2 Stealth
 + Level 3.6 Spellcasting
 + Level 3.9 Hexes
 + Level 0.4 Ice Magic


You had one spell level left.
You knew the following spells:

 Your Spells              Type           Power        Failure   Level  Hunger
a - Corona                Hex            ###....      4%          1    None
b - Ensorcelled Hibernat  Hex/Ice        #.....       12%         2    ##.....
c - Confuse               Hex            ###.....     12%         3    ###....
d - Dazzling Spray        Conj/Hex       #.....       28%         3    ###....


Dungeon Overview and Level Annotations

Branches:
Dungeon (3/15)

Altars:
Okawaru

Annotations:
D:3 Grinder; juanjsm's ghost, amateur OpTm


Innate Abilities, Weirdness & Mutations

You are tiny and cannot use many weapons and most armour.
You have supernaturally acute eyesight.
You are a herbivore.
You cover ground extremely quickly.
You need consume almost no food.


Message History

q - a scroll labeled BOVVAE LIUSOM You see here 23 sling bullets.
You open the door.
A goblin comes into view.
There is an open door here.
Grinder comes into view.
Found 16 gold pieces.
The goblin shouts!
Grinder shouts!
Casting: Ensorcelled Hibernation
Confirm with . or Enter, or press ? or * to list all spells.
Aiming: Ensorcelled Hibernation
Press: ? - help, Shift-Dir - straight line, f - goblin
Aim: a goblin (chance to defeat MR: 79%)
The goblin looks drowsy...
Grinder gestures at you.
You suddenly lose the ability to move!
Grinder hits you!
* * * LOW HITPOINT WARNING * * *
You writhe in agony.
You die...

##########
#########.........
#.................
#.........@g......
#..........5..$...
+.................
#.................
########'###......... ..#
..........................
#.....................#.#
#.....................#.#
#.....(........... ...#.#


You could see Grinder and a goblin (sleeping).

Vanquished Creatures
  Jessica (D:3)
  2 adders
  3 gnolls (D:3)
  A dart slug (D:1)
  2 giant geckos (D:1)
  A ball python (D:1)
  2 giant cockroaches
  7 hobgoblins
  4 kobolds
  2 quokkas
  7 bats
  2 giant newts
  5 goblins
  8 rats
47 creatures vanquished.

Notes
Turn   | Place    | Note
--------------------------------------------------------------
     0 | D:1      | juanjsm the Spriggan Enchanter began the quest for the Orb.
     0 | D:1      | Reached XP level 1. HP: 9/9 MP: 5/5
   357 | D:3      | Noticed Jessica
   360 | D:3      | Killed Jessica
   360 | D:3      | Reached skill level 5 in Stealth
   360 | D:3      | Reached XP level 2. HP: 13/13 MP: 7/7
   360 | D:3      | Reached XP level 3. HP: 16/16 MP: 8/8
   370 | D:3      | Noticed juanjsm's ghost (amateur OpTm)
   399 | D:2      | Learned a level 2 spell: Ensorcelled Hibernation
   403 | D:2      | Learned a level 3 spell: Confuse
  1254 | D:2      | Found an iron altar of Okawaru.
  1262 | D:2      | Reached XP level 4. HP: 21/21 MP: 7/10
  1273 | D:2      | Became a worshipper of Warmaster Okawaru
  1278 | D:2      | Learned a level 3 spell: Dazzling Spray
  1663 | D:3      | Reached skill level 6 in Stealth
  1783 | D:3      | Noticed Grinder
  1787 | D:3      | Paralysed by Grinder for 6 turns
  1790 | D:3      | Slain by Grinder

Skill      XL: |  1  2  3  4 |
---------------+-------------+-----
Stealth        | 5 6 |  6.2
Spellcasting   | 3 |  3.6
Short Blades   | 2 |  2.1
Dodging        | |  3.9
Hexes          | |  3.9
Ice Magic      | |  0.4

Action                   |  1- 3 |  4- 6 || total
-------------------------+-------+-------++-------
Melee: Dagger            |    52 |    24 ||    76
 Cast: Ensorcelled Hiber |    19 |    15 ||    34
  Use: Scroll            |       |     2 ||     2
 Stab: Sleeping          |    26 |    13 ||    39
Armor: Robe              |     7 |     1 ||     8
Dodge: Dodged            |    40 |    30 ||    70
